 Dungeon Crawl Stone Soup version 0.28-a0-1565-g95a8017c83 (webtiles) character file.

Game seed: 4553799568976675643

421 sanka the Conjurer (level 6, -11/44 HPs)
             Began as a Gnoll Conjurer on Jan 19, 2022.
             Was an Initiate of Ashenzari.
             Mangled by Duvessa (17 damage)
             ... on level 4 of the Dungeon.
             The game lasted 00:04:28 (4345 turns).

sanka the Conjurer (Gnoll Conjurer)                 Turns: 4345, Time: 00:04:28

Health: -11/44     AC:  3    Str:  7    XL:     6   Next: 94%
Magic:  5/14       EV: 13    Int: 19    God:    Ashenzari [......]
Gold:   221        SH:  0    Dex: 10    Spells: 12/15 levels left

rFire   . . .      SeeInvis .   n - +0 flail
rCold   . . .      Faith    .   (no shield)
rNeg    . . .      Spirit   .   a - +0 robe
rPois   .          Reflect  .   (no helmet)
rElec   .          Harm     .   f - +0 cloak
rCorr   .          Rampage  .   (no gloves)
Will    .....                   (no boots)
Stlth   +++.......              (no amulet)
HPRegen 0.14/turn               (no ring)
MPRegen 0.14/turn               (no ring)

@: no status effects
A: fangs 1, strong nose, distributed training
a: Renounce Religion, Curse Item


You were on level 4 of the Dungeon.
You worshipped Ashenzari.
Ashenzari was noncommittal.
You visited 1 branch of the dungeon, and saw 4 of its levels.

You collected 221 gold pieces.


Innate Abilities, Weirdness & Mutations

You have very sharp teeth.
Your uncanny sense of smell can sniff out nearby items.
Your experience applies equally to all skills.


   Skills:
 + Level 2.1 Fighting
 + Level 2.1 Short Blades
 + Level 2.1 Long Blades
 + Level 2.1 Axes
 + Level 2.1 Maces & Flails
 + Level 2.1 Polearms
 + Level 2.1 Staves
 + Level 2.1 Slings
 + Level 2.1 Bows
 + Level 2.1 Crossbows
 + Level 2.1 Throwing
 + Level 2.1 Armour
 + Level 5.1 Dodging
 + Level 4.7 Stealth
 + Level 2.1 Shields
 + Level 2.1 Unarmed Combat
 + Level 5.4 Spellcasting
 + Level 7.3 Conjurations
 + Level 1.7 Hexes
 + Level 1.7 Summonings
 + Level 1.7 Necromancy
 + Level 1.7 Translocations
 + Level 1.7 Transmutations
 + Level 1.7 Fire Magic
 + Level 1.7 Ice Magic
 + Level 1.7 Air Magic
 + Level 1.7 Earth Magic
 + Level 1.7 Poison Magic
 + Level 2.4 Invocations
 + Level 2.1 Evocations


You had 12 spell levels left.
You knew the following spells:

 Your Spells              Type           Power      Damage    Failure   Level
x - Searing Ray           Conj           66%        2d6       1%          2
z - Magic Dart            Conj           100%       1d8       1%          1

Your spell library contained the following spells:

 Spells                   Type           Power      Damage    Failure   Level
 Dazzling Flash           Conj/Hex       44%        N/A       5%          3
 Fulminant Prism          Conj/Hex       11%        3d9       19%         4
 Iskenderun's Mystic Bla  Conj/Tloc      22%        2d6       19%         4

Inventory:

Hand Weapons
 n - a +0 flail (weapon)
Armour
 a - a +0 robe (worn)
 f - a +0 cloak (worn)
 l - a +0 pair of gloves
Wands
 r - a wand of iceblast (7)
Scrolls
 b - a scroll of torment {unknown}
 c - 2 scrolls of fog {unknown}
 d - a scroll of teleportation {unknown}
 g - 4 scrolls of identify {unknown}
 h - 2 scrolls of amnesia {unknown}
 i - 2 scrolls of immolation {unknown}
 k - a scroll of magic mapping {unknown}
 m - 3 scrolls of blinking {unknown}
 o - a scroll of enchant armour {unknown}
Potions
 e - 2 potions of curing {unknown}
 j - 2 potions of lignification {unknown}
 p - a potion of degeneration {unknown}
 q - a potion of brilliance {unknown}

Dungeon Overview and Level Annotations

Branches:
Dungeon (4/15)
 Temple: D:4-7

Altars:
Ashenzari
Dithmenos
Fedhas
Gozag
Hepliaklqana
Kikubaaqudgha
Vehumet
Zin

Annotations:
D:4 1 runed translucent door, Duvessa; p0werm0de's ghost, amateur MiCK

▒_...._▒ ▒..........
▒▒▒..▒▒▒ ...
∆..▒▒.▒...▒. ▒_.†..8▒
... .........
▒▒▒..▒▒▒ ▒.▒
▒▒▒.......
▒.....▒▒▒▒▒▒▒ ▒.▒
▒.......
▒▒▒..▒▒▒....▒ ▒.▒
▒.▒.....
▒_....▒▒▒▒▒.▒ ▒)▒ .▒
▒.▒▒.▒▒. ▒▒▒..▒▒ ▒.▒
▒e▒ ▒.▒ ▒ ▒▒ ▒.
▒⌠....▒ ▒.▒ ▒▒g▒▒▒.▒
▒. ▒▒_.▒8▒
▒<▒▒▒...▒▒.▒ ▒▒.
▒▒▒▒▒▒▒ ▒.▒▒.....▒.▒
▒.. .▒▒.▒
▒........▒.▒▒▒▒▒. ▒..
.▒▒.▒
.▒▒▒▒▒▒.............
▒.▒ .▒▒.▒
..............▒▒▒ ▒.▒
.▒▒.▒
▒▒▒▒▒▒..........▒ ▒.▒
.▒▒.▒ ▒.▒▒.▒▒▒▒▒<▒
▒▒.▒ .▒▒.▒
▒.▒...▒▒▒▒.▒▒▒▒▒▒▒...


You could see Duvessa (berserk).


Message History

The searing ray hits the endoplasm!
You kill the endoplasm!
You finish channelling your searing ray.
Duvessa hits you with a +0 rapier!
Aiming: Searing Ray (safe; 1% risk of failure)
Aim: Dowan, wielding a +0 dagger, wearing a +0 robe and carrying a wand of flame (12) (severely wounded, 73% to hit)
The searing ray hits Duvessa.
Duvessa is severely wounded.
The searing ray hits Dowan!
You kill Dowan!
Duvessa screams in rage.
Duvessa goes berserk! (Press . to maintain the ray.) Duvessa hits you with a +0 rapier.
Unknown command.
The searing ray hits Duvessa.
Duvessa is severely wounded.
Duvessa completely misses you. Duvessa barely misses you.
The searing ray hits Duvessa.
Duvessa is severely wounded.
Duvessa hits you with a +0 rapier!
* * * LOW HITPOINT WARNING * * *
The searing ray hits Duvessa.
Duvessa is almost dead.
You finish channelling your searing ray.
Duvessa hits you with a +0 rapier!
* * * LOW HITPOINT WARNING * * *
Duvessa hits you with a +0 rapier!
You die...

Action                   |  1- 3 |  4- 6 || total
-------------------------+-------+-------++-------
Melee: Flail             |       |    31 ||    31
       Bite              |       |     3 ||     3
       Punch             |       |     1 ||     1
 Cast: Magic Dart        |    59 |   123 ||   182
       Searing Ray       |       |     9 ||     9
Armor: Robe              |       |    13 ||    13
Dodge: Dodged            |     3 |    54 ||    57

Levels and vault maps discovered:
D:1:      eino_arrival_cavern_e, layout_loops_ring,
          ebering_ecumenical_altar_ruins
D:2:      layout_loops_ring, basic_altar, minmay_tall_x
D:3:      layout_basic, mainiacjoe_overflow_alcove_1,
          mainiacjoe_overflow_tiny_flanked, uniq_terence
D:4:      minmay_evil_eye, layout_loops_ring, minitemple, ebering_ghost_sewer_d,
          glass_columns_b, uniq_ijyb, uniq_duvessa

Notes
Turn   | Place    | Note
-------+----------+-------------------------------------------
     0 | D:1      | sanka the Gnoll Conjurer began the quest for the Orb.
     0 | D:1      | Reached XP level 1. HP: 13/13 MP: 6/6
   135 | D:1      | Found a faded altar of an unknown god.
   161 | D:1      | Reached XP level 2. HP: 19/19 MP: 5/7
   231 | D:1      | Learned a level 2 spell: Searing Ray
   966 | D:2      | Found a glowing silver altar of Zin.
   998 | D:2      | Reached skill level 5 in Spellcasting
   998 | D:2      | Reached XP level 3. HP: 25/25 MP: 3/9
  1128 | D:2      | Reached skill level 1 in Invocations
  1220 | D:2      | Reached skill level 1 in Fighting
  1220 | D:2      | Reached skill level 1 in Short Blades
  1220 | D:2      | Reached skill level 1 in Long Blades
  1220 | D:2      | Reached skill level 1 in Axes
  1220 | D:2      | Reached skill level 1 in Maces & Flails
  1220 | D:2      | Reached skill level 1 in Polearms
  1220 | D:2      | Reached skill level 1 in Staves
  1220 | D:2      | Reached skill level 1 in Slings
  1220 | D:2      | Reached skill level 1 in Bows
  1220 | D:2      | Reached skill level 1 in Crossbows
  1220 | D:2      | Reached skill level 1 in Throwing
  1220 | D:2      | Reached skill level 1 in Armour
  1220 | D:2      | Reached skill level 1 in Shields
  1220 | D:2      | Reached skill level 1 in Unarmed Combat
  1220 | D:2      | Reached skill level 1 in Evocations
  1324 | D:2      | Reached XP level 4. HP: 21/32 MP: 6/11
  2106 | D:3      | Found a broken altar of Ashenzari.
  2143 | D:3      | Noticed Terence
  2150 | D:3      | Killed Terence
  2151 | D:3      | Reached skill level 1 in Hexes
  2151 | D:3      | Reached skill level 1 in Summonings
  2151 | D:3      | Reached skill level 1 in Necromancy
  2151 | D:3      | Reached skill level 1 in Translocations
  2151 | D:3      | Reached skill level 1 in Transmutations
  2151 | D:3      | Reached skill level 1 in Fire Magic
  2151 | D:3      | Reached skill level 1 in Ice Magic
  2151 | D:3      | Reached skill level 1 in Air Magic
  2151 | D:3      | Reached skill level 1 in Earth Magic
  2151 | D:3      | Reached skill level 1 in Poison Magic
  2268 | D:3      | Reached XP level 5. HP: 37/37 MP: 10/12
  2856 | D:3      | Found a shadowy altar of Dithmenos.
  3123 | D:3      | Became a worshipper of Ashenzari the Shackled
  3226 | D:4      | Found a hazy altar of Hepliaklqana.
  3228 | D:4      | Found a radiant altar of Vehumet.
  3264 | D:4      | Found an opulent altar of Gozag.
  3265 | D:4      | Found an ancient bone altar of Kikubaaqudgha.
  3268 | D:4      | Found a blossoming altar of Fedhas.
  3312 | D:4      | Reached skill level 2 in Invocations
  3312 | D:4      | Reached XP level 6. HP: 40/44 MP: 0/13
  3532 | D:4      | Reached skill level 2 in Fighting
  3532 | D:4      | Reached skill level 2 in Short Blades
  3532 | D:4      | Reached skill level 2 in Long Blades
  3532 | D:4      | Reached skill level 2 in Axes
  3532 | D:4      | Reached skill level 2 in Maces & Flails
  3532 | D:4      | Reached skill level 2 in Polearms
  3532 | D:4      | Reached skill level 2 in Staves
  3532 | D:4      | Reached skill level 2 in Slings
  3532 | D:4      | Reached skill level 2 in Bows
  3532 | D:4      | Reached skill level 2 in Crossbows
  3532 | D:4      | Reached skill level 2 in Throwing
  3532 | D:4      | Reached skill level 2 in Armour
  3532 | D:4      | Reached skill level 5 in Dodging
  3532 | D:4      | Reached skill level 2 in Shields
  3532 | D:4      | Reached skill level 2 in Unarmed Combat
  3532 | D:4      | Reached skill level 2 in Evocations
  3797 | D:4      | Found a runed translucent door.
  3813 | D:4      | Noticed p0werm0de's ghost (amateur MiCK)
  4007 | D:4      | Noticed Ijyb
  4017 | D:4      | Killed Ijyb
  4336 | D:4      | Noticed Duvessa
  4336 | D:4      | Noticed Dowan
  4342 | D:4      | Killed Dowan
  4345 | D:4      | Mangled by Duvessa

Vanquished Creatures
  Dowan (D:4)
  A bullfrog zombie (D:4)
  2 hounds (D:4)
  Terence (D:3)
  An orc wizard (D:3)
  Ijyb (D:4)
  6 adders
  4 gnolls (D:4)
  An adder skeleton (D:4)
  3 worms
  2 dart slugs
  10 orcs
  9 ball pythons
  5 bats
  5 endoplasms
  2 giant cockroaches (D:2)
  6 goblins
  7 hobgoblins
  5 jackals
  3 quokkas
  4 frilled lizards
  9 kobolds
  8 rats
96 creatures vanquished.
